 Dungeon Crawl Stone Soup version 0.18.1-8-gdd0e5ea (webtiles) character file.

2522 Liquid the Poker (level 9, -1/73 HPs)
             Began as a Formicid Abyssal Knight on May 26, 2016.
             Was an Elder of Lugonu.
             Slain by an orc warrior
             ... wielding a +0 flail
              (8 damage)
             ... on level 7 of the Dungeon.
             The game lasted 00:26:07 (8562 turns).

Liquid the Poker (Formicid Abyssal Knight)          Turns: 8562, Time: 00:26:08

Health: -1/73      AC: 12    Str: 17    XL:     9   Next: 84%
Magic:  14/14      EV:  4    Int: 13    God:    Lugonu [****..]
Gold:   576        SH:  9    Dex: 12    Spells: 0 memorised, 8 levels left

rFire  + . .     SeeInvis +     a - +2 spear (freeze)
rCold  . . .     Gourm    .     l - +0 plate armour
rNeg   . . .     Faith    .     e - +0 shield
rPois  .         Spirit   .     (helmet unavailable)
rElec  .         Dismiss  .     (no cloak)
rCorr  .         Reflect  .     (no gloves)
SustAt .         Harm     .     (no boots)
MR     .....     Clarity  +     (no amulet)
Stlth  ..........               p - ring of protection from fire
                                t - ring of stealth

@: drained, not resistant to hostile enchantments, extremely unstealthy
A: permanent stasis, dig shafts and tunnels, four strong arms, antennae 3,
hooves 1, clarity, high mp 1
a: Dig, Shaft Self, Depart the Abyss, Bend Space, Banish, Corrupt, Renounce
Religion


You were on level 7 of the Dungeon.
You worshipped Lugonu.
Lugonu was greatly pleased with you.
You were not hungry.

You visited 1 branch of the dungeon, and saw 8 of its levels.
You visited the Abyss 1 time.

You collected 576 gold pieces.

Inventory:

Hand Weapons
 a - a +2 spear of freezing (weapon)
 y - a cursed +0 trident
Armour
 e - a +0 shield (worn)
 l - a +0 plate armour (worn)
Jewellery
 d - an uncursed ring of ice
 p - a ring of protection from fire (right hand)
 t - a ring of stealth (left hand)
Wands
 x - a wand of disintegration (6/24)
Scrolls
 b - a scroll of recharging
 g - 3 scrolls of remove curse
 r - a scroll of enchant weapon
 w - a scroll of fear
Potions
 f - 2 potions of brilliance
 j - a potion of ambrosia
 k - a potion of cancellation {unknown}
 m - 3 potions of heal wounds {unknown}
 o - 4 potions of curing {unknown}
 q - 3 potions of degeneration {unknown}
 u - 2 potions of magic {unknown}
 v - a potion of beneficial mutation {unknown}
 C - a potion of invisibility {unknown}
Books
 i - a Necronomicon

   Spells                             Type                      Level
   a - Haunt                          Necromancy/Summoning         7
   b - Borgnjor's Revivification      Necromancy                   8
   c - Death's Door                   Charms/Necromancy            8
   d - Necromutation                  Transmutation/Necromancy     8
 n - a book of Envenomations

   Spells                             Type                      Level
   a - Spider Form                    Transmutation/Poison         3
   b - Olgreb's Toxic Radiance        Poison                       4
   c - Alistair's Intoxication        Transmutation/Poison         5
   d - Poisonous Cloud                Conjuration/Poison/Air       6
Comestibles
 c - 4 bread rations
 h - a meat ration


   Skills:
 + Level 7.7(7.4) Fighting
 + Level 7.8(7.5) Polearms
 + Level 5.5(5.2) Armour
 - Level 0.8(0.5) Dodging
 + Level 4.8(4.5) Shields
 + Level 5.8(5.5) Invocations


You had 8 spell levels left.
You didn't know any spells.

Dungeon Overview and Level Annotations

Branches:
Dungeon (8/15)             Temple (0/1) D:5
   Lair: D:8-11

Altars:
Cheibriados
Dithmenos
Kikubaaqudgha
Pakellas
Vehumet
Xom
Yredelemnul
Zin
The Shining One

Shops:
D:6 [

Annotations:
D:8 Erica, Pikel


Innate Abilities, Weirdness & Mutations

You are under a permanent stasis effect.
You can dig through walls and to a lower floor.
Your four strong arms can wield two-handed weapons with a shield.
You have a pair of large antennae on your head (SInv).
You have large cloven feet.
You possess an exceptional clarity of mind.
You have an increased reservoir of magic (+10% MP).


Message History

You hit the orc warrior but do no damage.
You kick the orc warrior, but do no damage.
The orc warrior is heavily wounded.
The orc warrior closely misses you.
You hit the orc warrior but do no damage.
You kick the orc warrior, but do no damage.
The orc warrior is heavily wounded.
You hit the orc warrior but do no damage.
Your kick misses the orc warrior.
The orc warrior is heavily wounded.
The orc warrior hits you with a flail!!
* * * LOW HITPOINT WARNING * * *
You are too injured to fight recklessly!
You extend your mandibles.
You dig through the rock wall.
You dig through the rock wall.
You dig through the rock wall.
You dig through the rock wall.
You dig through the rock wall.
The orc warrior hits you with a flail!
You die...

...#
#.#.#.....########.....#....
...###.##o.#.#.### #.#########
...###_....o.#.#{## #.# #
...###.###...(o.#.## #.# # ...#
#.# #.###.###.# #.# #
...###.###...#o##o## #.#########
##.........#.#.#.## ##..........
###.......#.#.o## ##.##########
#.#..#..#.#.#@####)## ###
#.#..####.#.......#########.#
#.#.......#######.#.........#
####.#.#############.#.#######.#
.......#...............# #.#
.###...#.###########.#########.#
.# #...#.# #...........# .#
##.##.# ############# .# #.##.#


You could see an orc warrior and an orc.

Vanquished Creatures
  An orc warrior (D:7)
  2 ice beasts (D:7)
  2 black bears
  A phantom (D:6)
  An ogre (D:5)
  3 centaurs
  The ghost of sveltemanboy the Charmwright, an amateur HESk (D:3)
  A giant frog (D:7)
  2 scorpions
  8 wights (D:7)
  3 crimson imps
  2 orc priests (D:5)
  5 jellies
  4 orc wizards
  An iguana (D:6)
  8 worker ants
  A hound zombie (D:6)
  3 hound skeletons
  A worker ant zombie (D:5)
  Robin (D:4)
  12 adders
  A shadow imp (D:4)
  2 oozes
  An adder zombie (D:5)
  A worm (D:3)
  3 dart slugs
  4 giant geckos
  17 orcs
  9 giant cockroaches
  15 goblins
  11 hobgoblins
  9 jackals
  4 kobolds
  A sheep (D:6)
  A ball python (D:4)
  5 bats
  2 giant gecko skeletons
  5 giant newts
  2 jackal skeletons
  A jackal zombie (D:7)
  7 rats
164 creatures vanquished.

Vanquished Creatures (others)
  An ogre (D:7)
1 creature vanquished.

Grand Total: 165 creatures vanquished

Notes
Turn   | Place    | Note
--------------------------------------------------------------
     0 | Abyss:1  | Liquid the Formicid Abyssal Knight began the quest for the Orb.
     0 | Abyss:1  | Reached XP level 1. HP: 18/18 MP: 2/2
    11 | D:1      | Escaped the Abyss
   130 | D:1      | Reached XP level 2. HP: 24/24 MP: 3/3
   450 | D:1      | Reached XP level 3. HP: 28/30 MP: 4/4
   986 | D:2      | Reached ** piety under Lugonu
   987 | D:2      | Found a snail-covered altar of Cheibriados.
  1195 | D:2      | Reached XP level 4. HP: 33/38 MP: 5/5
  1871 | D:3      | Reached XP level 5. HP: 36/43 MP: 6/6
  1928 | D:3      | HP: 2/43 [orc wizard/magic dart (6)]
  1930 | D:3      | Reached skill level 5 in Fighting
  2338 | D:3      | Reached *** piety under Lugonu
  2437 | D:3      | Found a shadowy altar of Dithmenos.
  2493 | D:3      | Found a faded altar to an unknown god.
  2523 | D:3      | Noticed sveltemanboy's ghost (amateur HESk)
  2554 | D:3      | Killed sveltemanboy's ghost
  2554 | D:3      | Reached XP level 6. HP: 32/52 MP: 7/7
  2597 | D:3      | Found a glowing silver altar of Zin.
  3028 | D:4      | Gained mutation: You possess an exceptional clarity of mind. [potion of mutation]
  3028 | D:4      | Gained mutation: You have large cloven feet. [potion of mutation]
  3028 | D:4      | Gained mutation: You have an increased reservoir of magic (+10% MP). [potion of mutation]
  3119 | D:4      | Reached skill level 5 in Polearms
  3187 | D:4      | Noticed Robin
  3217 | D:4      | Killed Robin
  3230 | D:4      | Reached XP level 7. HP: 57/58 MP: 9/9
  3265 | D:4      | Found a basalt altar of Yredelemnul.
  3540 | D:5      | Entered Level 5 of the Dungeon
  3566 | D:5      | Found a staircase to the Ecumenical Temple.
  3960 | D:5      | Reached **** piety under Lugonu
  4144 | D:5      | Found a radiant altar of Vehumet.
  4208 | D:5      | Reached XP level 8. HP: 64/65 MP: 11/11
  5222 | D:6      | Found a shimmering altar of Xom.
  5462 | D:6      | Found Xeron's Antique Armour Shop.
  5663 | D:6      | Found an oddly glowing altar of Pakellas.
  5810 | D:7      | Reached skill level 1 in Shields
  5810 | D:7      | Reached XP level 9. HP: 69/72 MP: 13/13
  5850 | D:7      | Found a glowing golden altar of the Shining One.
  5935 | D:7      | Found an ancient bone altar of Kikubaaqudgha.
  6561 | D:7      | Reached skill level 5 in Invocations
  6726 | D:7      | Reached skill level 5 in Armour
  7524 | D:7      | HP: 3/72 [acid (9)]
  8479 | D:8      | Noticed Pikel
  8522 | D:8      | Noticed Erica
  8562 | D:7      | Slain by an orc warrior

Skill      XL: |  1  2  3  4  5  6  7  8  9 |
---------------+----------------------------+-----
Fighting       | 4 5 6 7 |  7.7
Polearms       | 3 4 5 7 |  7.8
Invocations    | 3 4 5 |  5.8
Armour         | 3 4 5 |  5.5
Shields        | 1 4 |  4.8
Dodging        | |  0.8

Action                   |  1- 3 |  4- 6 |  7- 9 || total
-------------------------+-------+-------+-------++-------
Melee: Spear             |    96 |   288 |   701 ||  1085
       Kick              |       |     6 |   190 ||   196
Invok: Bend Space        |       |       |     8 ||     8
       Banish            |       |       |     1 ||     1
 Abil: Dig               |       |     7 |    13 ||    20
  Use: Scroll            |       |     9 |     8 ||    17
       Potion            |       |     3 |     1 ||     4
 Stab: Sleeping          |       |     4 |       ||     4
       Distracted        |       |     1 |       ||     1
  Eat: Chunk             |     1 |     7 |    11 ||    19
       Pizza             |       |       |     1 ||     1
       Fruit             |       |       |     4 ||     4
       Meat ration       |       |       |     1 ||     1
Armor: Leather armour    |    17 |     8 |       ||    25
       Ring mail         |       |    20 |       ||    20
       Plate armour      |       |    60 |   261 ||   321
Dodge: Dodged            |    43 |    96 |    81 ||   220
Block: Shield            |       |       |    87 ||    87
